 Dungeon Crawl Stone Soup version 0.28-a0-474-g535839065c (webtiles) character file.

Game seed: 6051568395761559861

194 robertstho the Skirmisher (level 5, -3/108 HPs)
             Began as a Minotaur Berserker on Sept 15, 2021.
             Was a Believer of Trog.
             Slain by a yak (5 damage)
             ... on level 5 of the Dungeon.
             The game lasted 00:02:33 (2508 turns).

robertstho the Skirmisher (Minotaur Berserker)      Turns: 2508, Time: 00:02:34

Health: -3/108     AC: 22    Str: 22    XL:     5   Next: 44%
Magic:  4/4        EV:  2    Int:  5    God:    Trog [**....]
Gold:   148        SH:  0    Dex:  9    Spells: 4/4 levels left

rFire   . . .      SeeInvis +   o - +0 war axe
rCold   . . .      Faith    .   (no shield)
rNeg    + + +      Spirit   .   (armour currently unavailable)
rPois   +          Reflect  .   (helmet currently unavailable)
rElec   .          Harm     .   (cloak currently unavailable)
rCorr   .          Rampage  .   (gloves currently unavailable)
Will    ++...      NoTele   +   (boots currently unavailable)
Stlth   ..........              d - amulet of the acrobat
HPRegen 1.28/turn               a - ring of see invisible
MPRegen 0.09/turn               (no ring)

@: berserking, tree-form, strong-willed, regenerating, very quick
A: stationary, stasis, torment immunity, boosted hp, (horns 2), (retaliatory
headbutt)
a: Renounce Religion, Berserk, Trog's Hand


You were on level 5 of the Dungeon.
You worshipped Trog.
Trog was pleased with you.
You were a tree.
You visited 1 branch of the dungeon, and saw 5 of its levels.

You collected 148 gold pieces.

Inventory:

Hand Weapons
 o - a +0 war axe (weapon)
Armour
 b - a +0 animal skin (melded)
 r - a +0 cloak (melded)
Jewellery
 a - a ring of see invisible (left branch)
 d - an amulet of the acrobat (around neck)
Wands
 t - a wand of acid (7)
Scrolls
 c - a scroll of vulnerability {unknown}
 f - a scroll of blinking {unknown}
 h - a scroll of holy word {unknown}
 j - a scroll of fear {unknown}
 l - a scroll of amnesia {unknown}
 m - 3 scrolls of teleportation
 n - a scroll of magic mapping {unknown}
 p - a scroll of identify {unknown}
 q - 2 scrolls of noise {unknown}
 v - a scroll of silence {unknown}
Potions
 g - a potion of might {unknown}
 i - a potion of curing {unknown}
 k - a potion of attraction {unknown}
 s - 2 potions of mutation {unknown}
 u - a potion of resistance {unknown}


   Skills:
 * Level 5.4 Fighting
 + Level 5.3 Axes
 * Level 3.6 Armour
 + Level 2.6 Dodging


You had 4 spell levels left.
You didn't know any spells.
Your spell library was empty.

Dungeon Overview and Level Annotations

Branches:
Dungeon (5/15)
 Temple: D:4-7

Altars:
Wu Jian

Shops:
D:3 [

Annotations:
D:5 Sigmund


Innate Abilities, Weirdness & Mutations

You are a tree.
Your roots penetrate the ground, keeping you stationary.
You cannot be teleported.
You are immune to unholy pain and torment.
Your maximum health is greatly increased.
Your equipment is partially melded.
((You have a pair of horns on your head.))
((You reflexively headbutt those who attack you in melee.))


Message History

It was a potion of lignification.
You turn into a tree.
Your +0 cloak melds into your body.
Your +0 animal skin melds into your body.
Your roots penetrate the ground.
Blork the orc gestures at you while chanting.
The puff of frost hits you but does no damage.
The yak bellows!
You hear a bellow!
You closely miss Blork the orc.
Blork the orc hits you with a +0 long sword!
* * * LOW HITPOINT WARNING * * *
Unknown command.
Okay, then.
A red film seems to cover your vision as you go berserk!
You feel yourself moving faster!
You feel mighty! Blork the orc casts a spell at you.
The puff of frost hits you!
* * * LOW HITPOINT WARNING * * *
Blork the orc hits you but does no damage.
You slash Blork the orc!
Blork the orc is heavily wounded.
Blork the orc casts a cantrip, but nothing happens.
You barely miss Blork the orc.
Blork the orc is heavily wounded.
You hit the yak.
Blork the orc hits you but does no damage.
You slash Blork the orc!
Blork the orc is almost dead.
You hit the yak. Blork the orc casts a spell at you.
The puff of flame hits you but does no damage.
The yak gores you but does no damage.
Blork the orc hits you with a +0 long sword!
* * * LOW HITPOINT WARNING * * *
You slash Blork the orc!
You kill Blork the orc!
Trog accepts your kill.
Trog appreciates your killing of a magic user.
You barely miss the yak. The yak gores you.
You die...

..#
.....#####
#..)♣.#
#..Y..#
#.....#
#.....#
#.....#
..#.###
##... #.#.


You could see a yak.

Vanquished Creatures
  Blork the orc (D:5)
  A hound (D:4)
  A hound skeleton (D:4)
  5 adders
  4 gnolls (D:3)
  2 worms
  2 dart slugs
  7 endoplasms
  2 giant cockroaches
  3 goblins
  3 hobgoblins
  2 jackals (D:4)
  4 quokkas
  3 ball pythons
  A bat (D:2)
  2 frilled lizards
  7 kobolds
  19 rats
69 creatures vanquished.

Notes
Turn   | Place    | Note
-------+----------+-------------------------------------------
     0 | D:1      | robertstho the Minotaur Berserker began the quest for the
                  | Orb.
     0 | D:1      | Reached XP level 1. HP: 19/19 MP: 0/0
   396 | D:1      | Reached XP level 2. HP: 25/27 MP: 1/1
   853 | D:2      | Reached XP level 3. HP: 25/34 MP: 2/2
  1069 | D:2      | Found a faded altar of an unknown god.
  1516 | D:3      | Reached XP level 4. HP: 38/41 MP: 3/3
  1518 | D:3      | Reached skill level 5 in Fighting
  1521 | D:3      | Reached ** piety under Trog
  1866 | D:3      | Found an ornate altar of the Wu Jian Council.
  1979 | D:3      | Found Uffa's Armour Shop.
  2230 | D:4      | Reached skill level 5 in Axes
  2230 | D:4      | Reached XP level 5. HP: 48/48 MP: 4/4
  2482 | D:4      | Noticed an ogre
  2496 | D:5      | Entered Level 5 of the Dungeon
  2496 | D:5      | Noticed Sigmund
  2500 | D:5      | Noticed Blork the orc
  2500 | D:5      | Noticed a yak
  2507 | D:5      | HP: 1/108 [Blork the orc (8)]
  2508 | D:5      | Killed Blork the orc
  2508 | D:5      | Slain by a yak

Illustrated notes

Levels and vault maps discovered:
D:1:      dpeg_arrival_boxorama, layout_basic
D:2:      layout_loops_ring, basic_ecumenical_altar
D:3:      layout_basic, lemuel_tele_altar, serial_shops, shop,
          amcnicky_mini_corridor_feature, minivault_24,
          minmay_misc_feat_enclosed, minivault_26, minmay_rat_hole
D:4:      layout_rooms, led_sif_pool, minmay_temple_entry_crystal_x,
          st_stairs_9, uniq_crazy_yiuf_cottage
D:5:      layout_loops_cross, kennysheep_generic_room_11, uniq_grinder,
          uniq_blork_the_orc, uniq_sigmund, uniq_ijyb

Skill      XL: |  1  2  3  4 |
---------------+-------------+-----
Fighting       | 4 5 |  5.4
Axes           | 4 5 |  5.3
Armour         | 3 |  3.6
Dodging        | |  2.6

Action                   |  1- 3 |  4- 6 || total
-------------------------+-------+-------++-------
Melee: Hand axe          |    51 |       ||    51
       Headbutt          |     9 |     9 ||    18
       War axe           |     4 |    56 ||    60
Invok: Berserk           |     1 |     1 ||     2
       Trog's Hand       |       |     2 ||     2
  Use: Scroll            |       |     1 ||     1
       Potion            |       |     1 ||     1
Armor: Animal skin       |    11 |     6 ||    17
       Skin              |       |     5 ||     5
Dodge: Dodged            |    32 |    43 ||    75

Table legend: (Time is in decaauts)
 A = Elapsed time spent in this place.
 B = Non-inter-level travel time spent in this place.
 C = Inter-level travel time spent in this place.
 D = Time resting spent in this place.
 E = Time spent auto-exploring this place.
 F = Levels seen in this place.
 G = Mean time per level.
                   A        B        C        D        E       F      G
               +--------+--------+--------+--------+--------+-----+--------+
         Total |   2533 |   2406 |    127 |      0 |   2048 |   5 |  506.6 |
       Dungeon |   2533 |   2406 |    127 |      0 |   2048 |   5 |  506.6 |
               +--------+--------+--------+--------+--------+-----+--------+

Top non-repeatable levels by time:
     D:3: 805 daAuts
     D:1: 747 daAuts
     D:2: 695 daAuts
     D:4: 274 daAuts
     D:5: 11 daAuts
